 Dungeon Crawl Stone Soup version 0.26-b1-45-g23770d1d51 (webtiles) character file.

Game seed: 16509323015395792608

836 radhat240 the Conjurer (level 7, -4/36 HPs)
             Began as a Deep Elf Conjurer on Jan 6, 2021.
             Was a Follower of Vehumet.
             Killed from afar by an orc wizard (10 damage)
             ... with a puff of flame
             ... on level 4 of the Dungeon.
             The game lasted 00:12:24 (3454 turns).

radhat240 the Conjurer (Deep Elf Conjurer)          Turns: 3454, Time: 00:12:24

Health: -4/36      AC:  3    Str:  4    XL:     7   Next: 66%
Magic:  15/27      EV: 15    Int: 25    God:    Vehumet [*.....]
Gold:   164        SH:  0    Dex: 13    Spells: 11/18 levels left

rFire    . . .     SeeInvis .   (no weapon)
rCold    . . .     Faith    .   (no shield)
rNeg     . . .     Spirit   .   a - +0 robe
rPois    +         Reflect  .   (no helmet)
rElec    .         Harm     .   (no cloak)
rCorr    .         Rampage  .   (no gloves)
Will     .....                  c - +0 pair of boots
Stlth    +++.......             (no amulet)
HPRegen  0.12/turn              b - ring of magical power
MPRegen  0.20/turn              l - ring of poison resistance

@: no status effects
A: no striking features
a: Renounce Religion


You were on level 4 of the Dungeon.
You worshipped Vehumet.
Vehumet was aware of your devotion.
You visited 1 branch of the dungeon, and saw 5 of its levels.

You collected 164 gold pieces.

Inventory:

Missiles
 e - 3 javelins
Armour
 a - a +0 robe (worn)
 c - a +0 pair of boots (worn)
Jewellery
 b - a ring of magical power (left hand)
 l - a ring of poison resistance (right hand)
Wands
 m - a wand of iceblast (2)
Scrolls
 d - 2 scrolls of teleportation
 i - 2 scrolls of amnesia


   Skills:
 + Level 5.7 Dodging
 + Level 6.1 Stealth
 + Level 6.3 Spellcasting
 + Level 6.4 Conjurations


You had 11 spell levels left.
You knew the following spells:

 Your Spells              Type           Power        Failure   Level
a - Magic Dart            Conj           100%         1%          1
b - Searing Ray           Conj           80%          1%          2
c - Dazzling Flash        Conj/Hex       48%          6%          3
d - Shock                 Conj/Air       96%          1%          1

Your spell library contained the following spells:

 Spells                   Type           Power        Failure   Level
 Fulminant Prism          Conj/Hex       12%          19%         4
 Iskenderun's Mystic Bla  Conj/Tloc      24%          19%         4


Dungeon Overview and Level Annotations

Branches:
Dungeon (5/15)
 Temple: D:4-7

Altars:
Nemelex Xobeh
Vehumet


Message History

The gnoll is moderately wounded.
The gnoll barely misses you.
Aiming: Magic Dart (safe; 1% risk of failure)
Press: ? - help, Q - select action, (/) - cycle Shift-Dir - straight line, f/p - gnoll
Aim: a gnoll, wielding a +0 spear (moderately wounded, 0% to evade)
The magic dart hits the gnoll.
The gnoll is heavily wounded.
The gnoll hits you from afar with a +0 spear.
* * * LOW HITPOINT WARNING * * *
The quokka barely misses you.
An orc comes into view. It is wielding a +0 falchion.
Found a dagger.
The quokka bites you.
* * * LOW HITPOINT WARNING * * *
The quokka bites you but does no damage.
The quokka closely misses you.
The orc wizard shouts!
The orc wizard casts a spell at you. The puff of flame hits you!
You die...

........!..?.. ....
........<.....# .....
............†!. ##.....
.#.###.........####....#
#### ...#......>....# . #
###.## #....(((#### .#
#####.....###...)..##.##..#
.#.#..##...##.)............
...##..###.#...r@........#
#...#....#..?....†)o.....#
##........##.....>.......#
##.....)...#...............
............g..............
..##.#...............##....
.. ###..............## #...
.. ##.............# ### ..
........#......#


You could see an orc wizard, a gnoll and a quokka.

Vanquished Creatures
  Sigmund (D:4)
  An ogre (D:5)
  A necrophage (D:3)
  A howler monkey (D:3)
  A quasit (D:5)
  An orc priest (D:4)
  Crazy Yiuf (D:2)
  2 hounds (D:4)
  Jessica (D:2)
  An orc wizard (D:4)
  Natasha (twice) (D:2)
  13 adders
  A gnoll (D:4)
  4 worms
  3 dart slugs
  2 leopard geckos
  6 orcs
  3 giant cockroaches
  7 goblins
  12 hobgoblins
  3 kobolds
  5 bats
  6 frilled lizards
  4 rats
82 creatures vanquished.

Notes
Turn   | Place    | Note
-------+----------+-------------------------------------------
     0 | D:1      | radhat240 the Deep Elf Conjurer began the quest for the
                  | Orb.
     0 | D:1      | Reached XP level 1. HP: 10/10 MP: 6/6
   150 | D:1      | Reached XP level 2. HP: 15/15 MP: 8/8
   552 | D:1      | Found a sparkling altar of Nemelex Xobeh.
   772 | D:2      | Reached XP level 3. HP: 19/19 MP: 10/10
   920 | D:2      | Reached XP level 4. HP: 24/24 MP: 11/11
   975 | D:2      | Found a runed translucent door.
   976 | D:2      | Noticed Crazy Yiuf
  1256 | D:2      | Reached skill level 5 in Conjurations
  1333 | D:2      | Found a radiant altar of Vehumet.
  1347 | D:2      | Became a worshipper of Vehumet
  1378 | D:2      | Noticed Jessica
  1380 | D:2      | Killed Jessica
  1419 | D:2      | Noticed Natasha
  1430 | D:2      | Killed Natasha
  1431 | D:2      | Reached XP level 5. HP: 13/28 MP: 13/13
  1776 | D:2      | Learned a level 2 spell: Searing Ray
  1780 | D:2      | Learned a level 3 spell: Dazzling Flash
  1918 | D:2      | Noticed Natasha
  1923 | D:2      | Killed Natasha
  2093 | D:2      | Killed Crazy Yiuf
  2554 | D:3      | Reached XP level 6. HP: 32/32 MP: 15/15
  2773 | D:3      | Reached skill level 5 in Spellcasting
  2787 | D:3      | Reached skill level 5 in Stealth
  3170 | D:3      | You fall into a shaft and drop 2 floors!
  3170 | D:5      | Entered Level 5 of the Dungeon
  3172 | D:5      | Reached * piety under Vehumet
  3172 | D:5      | Offered knowledge of Shock by Vehumet.
  3175 | D:5      | Learned a level 1 spell: Shock
  3220 | D:5      | Reached skill level 5 in Dodging
  3220 | D:5      | Reached XP level 7. HP: 34/36 MP: 15/17
  3312 | D:4      | Noticed Sigmund
  3326 | D:4      | Killed Sigmund
  3410 | D:4      | HP: 1/36 [orc/stone (3)]
  3454 | D:4      | Killed from afar by an orc wizard

Illustrated notes

Levels and vault maps discovered:
D:1:      arrival_zaba_pyramid, layout_rooms, amcnicky_mini_corridor_feature,
          nemelex_diamond_rough_becter
D:2:      layout_basic, lemuel_round_altar, uniq_natasha, uniq_jessica,
          uniq_crazy_yiuf_cottage
D:3:      layout_loops_ring
D:4:      cheibrodos_helix_gallery, layout_cave_pools,
          kennysheep_opposing_triangles, uniq_sigmund
D:5:      layout_cave_pods, marbit_many_paths, tgw_sif,
          kennysheep_generic_room_6

Skill      XL: |  1  2  3  4  5  6  7 |
---------------+----------------------+-----
Stealth        | 3 4 5 6 |  6.1
Dodging        | 3 4 5 |  5.7
Spellcasting   | 4 5 6 |  6.3
Conjurations   | 5 6 |  6.4

Action                   |  1- 3 |  4- 6 |  7- 9 || total
-------------------------+-------+-------+-------++-------
Melee: Unarmed           |       |     1 |     1 ||     2
Throw: Javelin           |       |     3 |       ||     3
 Cast: Magic Dart        |    52 |   125 |    32 ||   209
       Searing Ray       |       |     1 |     1 ||     2
       Shock             |       |       |     2 ||     2
  Use: Scroll            |     3 |     4 |     1 ||     8
       Potion            |     2 |     2 |     1 ||     5
Armor: Robe              |     2 |     8 |     2 ||    12
Dodge: Dodged            |     1 |    30 |     9 ||    40
